 Dungeon Crawl Stone Soup version 0.19.3-1-g3169bf9 (webtiles) character file.

6723 bosm the Fighter (level 10, 0/83 HPs)
             Began as a Demonspawn Wanderer on Jan 26, 2017.
             Was an Elder of Makhleb.
             Killed by vampiric draining
             ... invoked by Trampli's ghost
              (22 damage)
             ... on level 1 of the Lair of Beasts.
             The game lasted 00:26:25 (9332 turns).

bosm the Fighter (Demonspawn Wanderer)              Turns: 9332, Time: 00:26:26

Health: 0/83       AC:  9    Str: 19    XL:     10   Next: 74%
Magic:  19/19      EV: 15    Int: 20    God:    Makhleb [****..]
Gold:   330        SH:  8    Dex: 20    Spells: 0 memorised, 21 levels left

rFire  . . .     SeeInvis .     a - +0 whip (elec)
rCold  + . .     Gourm    .     t - +0 ring mail of Time Monsters {rC+ Dex+5}
rNeg   . . .     Faith    .     c - +2 buckler
rPois  .         Spirit   .     (helmet restricted)
rElec  .         Reflect  .     H - +0 cloak
rCorr  .         Harm     .     o - +0 pair of gloves
MR     +....                    (no boots)
Stlth  +++.......               y - amulet of regeneration
                                v - ring of protection from magic
                                q - +2 ring of strength

@: mighty, agile
A: horns 1, iridescent scales 1, nightstalker 1, spiny 2
a: Minor Destruction, Lesser Servant of Makhleb, Major Destruction, Renounce
Religion


You were on level 1 of the Lair of Beasts.
You worshipped Makhleb.
Makhleb was greatly pleased with you.
You were completely stuffed.

You visited 3 branches of the dungeon, and saw 12 of its levels.

You collected 330 gold pieces.

Inventory:

Hand Weapons
 a - a +0 whip of electrocution (weapon)
 s - a +3 whip of flaming
Armour
 c - a +2 buckler (worn)
 d - a +0 robe
 o - a +0 pair of gloves (worn)
 t - the +0 ring mail of Time Monsters (worn) {rC+ Dex+5}
   (You found it on level 6 of the Dungeon)

   It affects your dexterity (+5).
   It protects you from cold.
 H - a +0 cloak (worn)
Jewellery
 g - an uncursed ring of magical power
 l - an uncursed ring of resist corrosion
 q - a +2 ring of strength (left hand)
 v - a ring of protection from magic (right hand)
 y - an amulet of regeneration (around neck)
 z - an uncursed ring of ice
 A - an uncursed ring of flight
Wands
 p - a wand of flame (19/48)
 w - a wand of acid (13/15)
 x - a wand of random effects (31/48)
 E - a wand of confusion (32/48)
 G - a wand of lightning (12/15)
Scrolls
 e - 4 scrolls of amnesia
 i - 6 scrolls of identify
 k - a scroll of recharging
 u - 2 scrolls of fog
Potions
 h - 3 potions of curing
 B - a potion of agility
Comestibles
 b - 4 meat rations
 f - 14 bread rations
 m - 8 fruits
 n - 2 slices of pizza
 r - 2 beef jerkies
 C - 10 royal jellies


   Skills:
 * Level 9.6 Fighting
   Level 2.6 Long Blades
 * Level 7.8 Maces & Flails
 - Level 1.7 Throwing
 - Level 2.1 Armour
 - Level 5.0 Shields
 + Level 6.0 Spellcasting
 - Level 1.0 Invocations
 + Level 5.8 Evocations


You had 21 spell levels left.
You didn't know any spells.

Dungeon Overview and Level Annotations

Branches:
Dungeon (10/15)            Temple (1/1) D:4            Lair (1/6) D:9
    Orc: D:9-12

Altars:
Ashenzari
Cheibriados
Dithmenos
Elyvilon
Fedhas
Gozag
Hepliaklqana
Kikubaaqudgha
Makhleb
Nemelex Xobeh
Okawaru
Qazlal
Ru
Sif Muna
Trog
Uskayaw
Vehumet
Xom
Yredelemnul
Zin
The Shining One
Lugonu

Annotations:
Lair:1 Trampli's ghost, journeyman DDNe


Innate Abilities, Weirdness & Mutations

You have a pair of small horns on your head.
You are partially covered in iridescent scales. (AC +2)
You are slightly more attuned to the shadows.
You are mostly covered in sharp spines.


Message History

Trampli's ghost draws life force from you and is healed!
You hit Trampli's ghost.
There is a sudden explosion of sparks!
Trampli's ghost is almost destroyed.
You hit Trampli's ghost.
Trampli's ghost is almost destroyed.
Trampli's ghost hits you.
* * * LOW HITPOINT WARNING * * *
You barely miss Trampli's ghost.
Trampli's ghost is almost destroyed.
Trampli's ghost is struck by your spines.
Trampli's ghost hits you but does no damage.
You miss Trampli's ghost.
Trampli's ghost is almost destroyed.
You hit Trampli's ghost but do no damage.
Trampli's ghost is almost destroyed.
You block Trampli's ghost's attack.
You hit Trampli's ghost. Your headbutt misses Trampli's ghost.
Trampli's ghost is almost destroyed.
Trampli's ghost is infused with unholy energy.
You die...

##### ########### ####
.##P####.#.##.##.#########..#####
...................÷.............
.................................
#####...........@W...............
..........##..P#.##.........†....
.....#....###.####...............
.....#....##.+# ##..............
..........P.# #..............
.....#...... #..........##..
#...#......# #.........#. .. ....
#.......... ..


You could see Trampli's ghost.

Vanquished Creatures
  Pikel (D:7)
  Joseph (D:8)
  A rime drake (Lair:1)
  A komodo dragon (Lair:1)
  A hornet (D:9)
  2 hippogriffs
  Sigmund (D:6)
  3 yaks (Lair:1)
  Edmund (D:4)
  3 water moccasins
  2 swamp worms (D:8)
  A porcupine (Lair:1)
  An ice beast (D:8)
  A necrophage (D:7)
  2 slaves (D:7)
  An orc warrior (D:6)
  5 ogres
  2 wolves (Lair:1)
  5 centaurs
  A crocodile (Lair:1)
  3 bullfrogs
  A wyvern skeleton (D:10)
  4 scorpions
  3 killer bees (D:10)
  A howler monkey (D:8)
  4 crimson imps
  4 jellies
  A quasit (D:9)
  3 bullfrog zombies
  A bullfrog skeleton (D:6)
  6 orc priests
  4 hounds
  3 iguanas
  8 orc wizards
  6 worker ants
  A hound skeleton (D:7)
  Robin (D:3)
  A howler monkey skeleton (D:7)
  7 gnolls
  8 adders
  A shadow imp (D:7)
  5 oozes (D:8)
  19 worms
  6 dart slugs
  3 leopard geckos
  33 orcs
  6 giant cockroaches
  18 goblins
  12 hobgoblins
  6 jackals
  5 quokkas
  9 bats
  2 frilled lizards
  8 kobolds
  A leopard gecko zombie (D:7)
  5 rats
  A plant (D:8)
246 creatures vanquished.

Vanquished Creatures (others)
  A sky beast (D:10)
  A slave (D:8)
  A plant (D:8)
3 creatures vanquished.

Grand Total: 249 creatures vanquished

Notes
Turn   | Place    | Note
-------+----------+-------------------------------------------
     0 | D:1      | bosm the Demonspawn Wanderer began the quest for the Orb.
     0 | D:1      | bosm set off with: a +2 falchion, a +0 mace, a potion of lignification, a +0 robe, a bread ration
     0 | D:1      | Reached XP level 1. HP: 18/18 MP: 1/1
   299 | D:1      | Gained mutation: You are partially covered in sharp spines. [demonic ancestry]
   299 | D:1      | Reached XP level 2. HP: 22/24 MP: 2/2
   949 | D:2      | Found a blossoming altar of Fedhas.
  1107 | D:2      | Reached XP level 3. HP: 30/30 MP: 3/3
  1112 | D:2      | Found a hazy altar of Hepliaklqana.
  1533 | D:3      | Found a glowing silver altar of Zin.
  1568 | D:3      | Noticed Robin
  1575 | D:3      | Reached skill level 4 in Fighting
  1594 | D:3      | Reached skill level 1 in Spellcasting
  1603 | D:3      | Gained mutation: You are partially covered in iridescent scales. (AC +2) [demonic ancestry]
  1603 | D:3      | Reached XP level 4. HP: 27/37 MP: 5/5
  1684 | D:3      | Killed Robin
  2296 | D:4      | Found a staircase to the Ecumenical Temple.
  2306 | Temple   | Entered the Ecumenical Temple
  2322 | Temple   | Became a worshipper of Makhleb the Destroyer
  2464 | D:4      | Noticed Edmund
  2477 | D:4      | Killed Edmund
  2477 | D:4      | Reached skill level 1 in Shields
  2477 | D:4      | Gained mutation: You are slightly more attuned to the shadows. [demonic ancestry]
  2477 | D:4      | Reached XP level 5. HP: 31/43 MP: 8/8
  2574 | D:4      | Found a burning altar of Makhleb.
  2578 | D:4      | Reached skill level 5 in Fighting
  2670 | D:4      | Reached XP level 6. HP: 49/51 MP: 9/9
  3312 | D:5      | Entered Level 5 of the Dungeon
  3488 | D:5      | Reached skill level 1 in Invocations
  3526 | D:5      | Found a shadowy altar of Dithmenos.
  3530 | D:5      | Found a stormy altar of Qazlal.
  3533 | D:5      | Gained mutation: You have a pair of small horns on your head. [demonic ancestry]
  3533 | D:5      | Reached XP level 7. HP: 57/57 MP: 11/11
  3816 | D:5      | Reached * piety under Makhleb
  4089 | D:6      | Noticed Sigmund
  4102 | D:6      | Killed Sigmund
  4102 | D:6      | Reached skill level 6 in Fighting
  4102 | D:6      | Reached skill level 1 in Evocations
  4325 | D:6      | Gained mutation: You are mostly covered in sharp spines. [demonic ancestry]
  4325 | D:6      | Reached XP level 8. HP: 59/65 MP: 13/13
  4353 | D:6      | Got a bloodstained ring mail
  4493 | D:6      | Identified the cursed +0 ring mail of Time Monsters {rC+ Dex+5} (You found it on level 6 of the Dungeon)
  4554 | D:6      | Found a shattered altar of Ashenzari.
  4750 | D:6      | Found a hide-covered altar of Uskayaw.
  4826 | D:6      | Found an opulent altar of Gozag.
  5200 | D:7      | Reached skill level 7 in Fighting
  5230 | D:7      | Reached ** piety under Makhleb
  5370 | D:7      | Reached skill level 5 in Maces & Flails
  5883 | D:7      | Reached XP level 9. HP: 72/72 MP: 15/15
  5943 | D:8      | Found a shimmering altar of Xom.
  5943 | D:8      | Noticed Pikel
  5982 | D:8      | Noticed Joseph
  6091 | D:7      | Killed Pikel
  6201 | D:8      | Killed Joseph
  6362 | D:8      | Reached skill level 8 in Fighting
  6453 | D:8      | Reached skill level 5 in Spellcasting
  6505 | D:8      | Reached *** piety under Makhleb
  7086 | D:8      | Reached XP level 10. HP: 75/82 MP: 17/17
  7498 | D:9      | Paralysed by a hornet for 3 turns
  7831 | D:9      | Found a staircase to the Lair.
  7957 | D:9      | Found a glowing golden altar of the Shining One.
  7982 | D:9      | Found an iron altar of Okawaru.
  8049 | D:9      | Reached **** piety under Makhleb
  8271 | D:10     | Entered Level 10 of the Dungeon
  8313 | D:10     | Reached skill level 5 in Evocations
  8573 | D:10     | Reached skill level 9 in Fighting
  8991 | D:10     | Noticed a hill giant
  9062 | Lair:1   | Entered Level 1 of the Lair of Beasts
  9179 | Lair:1   | Reached skill level 5 in Shields
  9296 | Lair:1   | Noticed Trampli's ghost (journeyman DDNe)
  9332 | Lair:1   | Killed from afar by Trampli's ghost

Skill      XL: |  1  2  3  4  5  6  7  8  9 10 |
---------------+-------------------------------+-----
Armour         | 2 |  2.1
Fighting       | 4 5 6 7 8 9 |  9.6
Spellcasting   | 1 2 3 4 5 6 |  6.0
Shields        | 1 2 3 4 5 |  5.0
Maces & Flails | 2 3 5 6 7 |  7.8
Invocations    | 1 |  1.0
Evocations     | 1 3 4 5 |  5.8
Long Blades    | |  2.6
Throwing       | |  1.7

Action                   |  1- 3 |  4- 6 |  7- 9 | 10-12 || total
-------------------------+-------+-------+-------+-------++-------
Melee: Falchion          |    56 |       |       |       ||    56
       Whip              |    72 |   129 |   454 |   203 ||   858
       Headbutt          |       |       |    69 |    47 ||   116
  Use: Scroll            |       |     8 |     5 |     2 ||    15
       Potion            |       |     4 |     9 |     2 ||    15
 Stab: Sleeping          |       |       |     5 |     3 ||     8
       Distracted        |       |       |       |     1 ||     1
  Eat: Chunk             |     2 |     7 |    23 |     7 ||    39
Armor: Ring mail         |    40 |    50 |    50 |    45 ||   185
       Robe              |     1 |       |       |       ||     1
       Skin              |       |    25 |       |       ||    25
       Chain mail        |       |     3 |    56 |       ||    59
Dodge: Dodged            |    50 |    42 |    99 |    57 ||   248
Block: Buckler           |       |    21 |   115 |    71 ||   207
       Rpst.: Falchion   |     4 |       |       |       ||     4
